 Dungeon Crawl Stone Soup version 0.21.2 (webtiles) character file.

133983 dawnmantle the Warrior (level 16, 0/136 HPs)
             Began as a Demonspawn Gladiator on Aug 3, 2018.
             Was a High Priest of Trog.
             Slain by Agnes
             ... wielding a +1 vampiric lajatang
              (6 damage)
             ... on level 3 of the Spider Nest on Oct 29, 2018.
             The game lasted 02:43:03 (31089 turns).

dawnmantle the Warrior (Demonspawn Gladiator)      Turns: 31089, Time: 02:43:03

Health: 0/136      AC: 32    Str: 22 (23) XL:     16   Next: 61%
Magic:  19/19      EV: 16    Int:  8      God:    Trog [*****.]
Gold:   2138       SH:  2    Dex: 20 (21) Spells: 15/15 levels left

rFire    . . .     SeeInvis .   L - +7 quarterstaff of a bailey {elec, Dex+4}
rCold    + + .     Gourm    .   (shield currently unavailable)
rNeg     . . .     Faith    .   Z - +5 chain mail {rPois}
rPois    +         Spirit   .   u - +2 helmet
rElec    +         Reflect  +   G - +2 cloak {+Inv}
rCorr    .         Harm     .   (gloves unavailable)
MR       +....                  a - +0 pair of boots "Xocu" {Str+4 Stlth+}
Stlth    ++++......             m - +2 amulet of reflection
HPRegen  0.32/turn              P - +4 ring of protection
MPRegen  0.16/turn              (no ring)

@: about to teleport, starving
A: claws 3, hooves 1, icy blue scales 3, cold resistance 1, dopey 1, powered by
death 1, electricity resistance, spiny 3
a: Berserk, Trog's Hand, Brothers in Arms, Burn Spellbooks, Renounce Religion,
Evoke Invisibility


You were on level 3 of the Spider Nest.
You worshipped Trog.
Trog was extremely pleased with you.
You were starving.

You visited 5 branches of the dungeon, and saw 27 of its levels.
You also visited: Bailey and Volcano.

You collected 2914 gold pieces.
You spent 776 gold pieces at shops.

Inventory:

Hand Weapons
 H - a +3 antimagic halberd
 I - the +11 halberd "Zasaxt" {venom, Str+4}
   (Trog gifted it to you on level 2 of the Spider Nest)

   It poisons the flesh of those it strikes.
   It affects your strength (+4).
 L - the +7 quarterstaff of a bailey (weapon) {elec, Dex+4}
   (Trog gifted it to you on level 12 of the Dungeon)

   Occasionally, upon striking a foe, it will discharge some electrical energy
   and cause terrible harm.
   It affects your dexterity (+4).
 T - the +6 glaive of Bomechuu {flame, Dex+2}
   (You found it on level 2 of the Lair of Beasts)

   It has been specially enchanted to burn those struck by it, causing extra
   injury to most foes and up to half again as much damage against particularly
   susceptible opponents.
   Big, fiery blades are also staple armaments of hydra-hunters.
   It affects your dexterity (+2).
Missiles
 d - 4 throwing nets (quivered)
 p - 14 poisoned tomahawks
 C - 87 tomahawks
 E - 12 silver javelins
 O - 8 tomahawks of returning
 R - 2 steel javelins
Armour
 a - the +0 pair of boots "Xocu" (worn) {Str+4 Stlth+}
   (You acquired it on level 13 of the Dungeon)

   It affects your strength (+4).
   It makes you more stealthy.
 u - a +2 helmet (worn)
 G - a +2 cloak of invisibility (worn)
 Q - the +7 large shield of Unlisaus {rN+}
   (You bought it in a shop on level 2 of the Orcish Mines)

   It protects you from negative energy.
 Z - a +5 chain mail of poison resistance (worn)
Jewellery
 g - an uncursed amulet of faith
 m - a +2 amulet of reflection (around neck)
 N - a +3 ring of protection
 P - a +4 ring of protection (left claw)
 S - an uncursed ring of protection from cold
Wands
 h - a wand of acid (24)
 w - a wand of digging (16)
 x - a wand of polymorph (30)
Scrolls
 b - 5 scrolls of fear {unknown}
 j - 3 scrolls of noise {unknown}
 k - a scroll of summoning {unknown}
 l - 21 scrolls of remove curse
 o - 6 scrolls of enchant armour
 q - 6 scrolls of amnesia {unknown}
 r - a scroll of vulnerability {unknown}
 v - 5 scrolls of enchant weapon {unknown}
 y - 5 scrolls of immolation {unknown}
 z - 13 scrolls of teleportation
 F - 5 scrolls of identify
 J - a scroll of blinking {unknown}
 M - 2 scrolls of random uselessness {unknown}
 U - 2 scrolls of magic mapping {unknown}
 V - 9 scrolls of fog {unknown}
 X - a scroll of holy word {unknown}
 Y - a scroll of brand weapon {unknown}
Potions
 c - 8 potions of mutation
 e - 8 potions of might
 i - 5 potions of lignification
 n - 4 potions of agility
 s - 5 potions of haste
 t - 7 potions of curing
 A - 6 potions of flight
 B - 4 potions of invisibility {unknown}
 D - 3 potions of brilliance
 K - 5 potions of heal wounds {unknown}
 W - 3 potions of resistance {unknown}
Comestibles
 f - 60 rations


   Skills:
 + Level 15.1 Fighting
   Level 2.6(7.2) Axes
 * Level 10.4(12.0) Polearms
 - Level 9.4(11.3) Staves
 - Level 5.1 Throwing
 + Level 9.5 Armour
 * Level 11.6 Dodging
 - Level 13.1 Stealth
 - Level 0.8 Shields
 - Level 4.0 Evocations


You had 15 spell levels left.
You didn't know any spells.

Dungeon Overview and Level Annotations

Branches:
Dungeon (15/15)            Temple (1/1) D:4            Lair (6/6) D:10
 Shoals (0/4) Lair:2       Spider (3/4) Lair:2        Slime (0/5) Lair:5
    Orc (2/2) D:12            Elf (0/3) Orc:2        Vaults (0/5) D:14
 Depths (0/5) D:15

Altars:
Ashenzari
Cheibriados
Dithmenos
Elyvilon
Fedhas
Gozag
Hepliaklqana
Kikubaaqudgha
Makhleb
Nemelex Xobeh
Okawaru
Qazlal
Ru
Sif Muna
Trog
Uskayaw
Vehumet
Wu Jian
Xom
Yredelemnul
Zin
The Shining One
Beogh
Jiyva

Shops:
D:4 *   D:6 %   D:7 [   Orc:2 [(?*

Annotations:
D:4 blackflag1's ghost, novice MiGl
Spider:3 Agnes


Innate Abilities, Weirdness & Mutations

You have claws for hands.
You are completely covered in icy blue scales. (AC +4, rC+)
You regenerate a little health from kills.
You are completely covered in sharp spines.
You have large cloven feet.
Your flesh is cold resistant. (rC+)
You are dopey. (Int -2)
You are resistant to electric shocks. (rElec)


Message History

The orb spider spins a strand of pure energy.
The wolf spider hits you but does no damage.
The wolf spider bites you but does no damage.
The jumping spider leaps! x2
A jumping spider comes into view.
The jumping spider hisses angrily.
Found 3 tomahawks and 2 potions of curing.
A wolf spider and a redback come into view.
As you read the scroll of teleportation, it crumbles to dust.
You feel strangely unstable.
The wolf spider hisses angrily.
The jumping spider leaps!
The wolf spider hits you but does no damage.
The wolf spider bites you but does no damage.
The wolf spider is struck by your spines.
The wolf spider closely misses you. The wolf spider bites you!
* * * LOW HITPOINT WARNING * * *
Agnes is struck by your spines.
Agnes hits you with a vampiric lajatang.
You die...

##........
#..........
#..........
#....ss....
#.......s..
#.....s....
#..ss.....s
#is......#
##@....(.#
#..!...##
##...###
##.# ...
... ... ...


You could see Agnes, 2 wolf spiders, an orb spider, 4 jumping spiders and a
redback.

Vanquished Creatures
  Bai Suzhen (Spider:3)
  Gastronok (Lair:1)
  An orc warlord (Orc:2)
  A ghost moth (Spider:3)
  3 emperor scorpions
  2 entropy weavers (Spider:1)
  Nessos (Lair:5)
  A spark wasp (Spider:3)
  2 ettins (Orc:2)
  Josephine (Spider:1)
  7 hydras
  18 two-headed ogres
  6 centaur warriors
  A satyr (shapeshifter) (D:14)
  2 ogre magi
  A two-headed ogre (shapeshifter) (D:14)
  A tengu warrior (D:15)
  3 orc high priests
  The ghost of 0gre the Basher, a novice MiBe of Trog (D:6)
  A sea snake (D:11)
  A sea snake (shapeshifter) (D:14)
  4 unseen horrors
  A wizard (D:10)
  Pikel (D:4)
  A phantasmal warrior (D:15)
  17 wolf spiders
  4 orc knights
  A necromancer (D:15)
  5 orb spiders (Spider:1)
  2 ugly things
  5 orc sorcerers
  2 manticores
  A deep elf mage (D:15)
  5 cyclopes
  9 elephants
  4 black mambas
  5 molten gargoyles (Volcano)
  2 centaur zombies
  3 gargoyles
  A torpor snail (Spider:1)
  4 centaur skeletons (D:12)
  9 spiny frogs
  2 rime drakes (Lair:6)
  5 kobold demonologists
  2 komodo dragons
  2 efreet (Volcano)
  A tengu conjurer (D:13)
  6 demonic crawlers
  2 guardian mummies (D:14)
  9 polar bears
  A troll (shapeshifter) (D:13)
  16 jumping spiders
  6 trolls
  11 hornets
  14 blink frogs
  2 ettin zombies (D:15)
  5 hippogriffs
  A deep troll skeleton (D:15)
  39 redbacks
  5 wraiths
  14 spriggans
  7 tarantellas
  Sigmund (D:4)
  A human (shapeshifter) (D:14)
  A shadow (D:12)
  28 yaks
  4 fire elementals (Volcano)
  4 wyverns
  An ice dragon skeleton (D:15)
  2 basilisks
  5 hungry ghosts
  10 vampire mosquitoes
  3 wargs (Orc:2)
  A two-headed ogre zombie (D:12)
  The ghost of Doobh the Vandal, an amateur KoHu (D:3)
  An acid dragon (D:15)
  11 water moccasins
  3 porcupines
  51 orc warriors
  4 ice beasts
  8 black bears
  4 sky beasts
  A slave (D:4)
  3 phantoms
  A necrophage (D:13)
  14 ogres
  An eye of draining (D:13)
  8 boggarts
  11 centaurs
  43 wolves
  8 crocodiles
  An earth elemental (Volcano)
  Blork the orc (D:4)
  26 bullfrogs
  A wyvern skeleton (D:14)
  4 scorpions
  16 killer bees
  2 spriggan skeletons (D:12)
  2 troll zombies (D:12)
  A water moccasin skeleton (D:10)
  A vampire bat (D:4)
  8 howler monkeys
  14 wights
  4 electric eels
  8 crimson imps
  8 hounds
  26 orc priests
  A quasit (D:9)
  5 jellies
  A bullfrog zombie (D:12)
  Crazy Yiuf (D:3)
  A bullfrog skeleton (D:4)
  31 orc wizards
  4 iguanas
  Ijyb (D:3)
  Natasha (thrice) (D:3)
  8 worker ants
  5 ogre zombies
  A hound zombie (D:6)
  A hound skeleton (D:6)
  A worker ant zombie (D:6)
  Robin (D:2)
  5 gnolls
  12 adders
  A howler monkey skeleton (D:6)
  A river rat (Bailey)
  3 shadow imps
  An ooze (D:2)
  2 adder zombies
  7 worms
  2 dart slugs
  3 fire bats (D:4)
  7 leopard geckos
  156 orcs
  2 spectral bats (D:4)
  16 bats
  3 bat skeletons (D:4)
  A bat zombie (D:4)
  8 giant cockroaches
  25 goblins
  22 hobgoblins
  5 jackals
  11 kobolds
  4 quokkas
  2 ball pythons (D:2)
  A bat simulacrum (D:4)
  7 frilled lizards
  A goblin skeleton (D:12)
  A hobgoblin skeleton (D:12)
  2 hobgoblin zombies (D:12)
  A jackal skeleton (D:6)
  A leopard gecko skeleton (D:4)
  4 orc skeletons (D:12)
  17 orc zombies (D:12)
  A quokka skeleton (D:4)
  7 rats
  A fungus (Lair:2)
  4 plants
1061 creatures vanquished.

Vanquished Creatures (others)
  A ghost moth (Spider:1)
  An unseen horror (D:10)
  2 slaves (D:4)
  A howler monkey (D:9)
  A worker ant (D:4)
  3 fire vortices (Volcano)
  5 fungi (Lair:6)
  A plant (D:10)
15 creatures vanquished.

Grand Total: 1076 creatures vanquished

Notes
Turn   | Place    | Note
-------+----------+-------------------------------------------
     0 | D:1      | dawnmantle the Demonspawn Gladiator began the quest for the Orb.
     0 | D:1      | Reached XP level 1. HP: 16/16 MP: 1/1
    37 | D:1      | Gained mutation: You have sharp fingernails. [demonic ancestry]
    37 | D:1      | Reached XP level 2. HP: 15/22 MP: 2/2
    41 | D:1      | Reached skill level 1 in Stealth
   406 | D:1      | Gained mutation: You are partially covered in sharp spines. [demonic ancestry]
   406 | D:1      | Reached XP level 3. HP: 21/27 MP: 3/3
  1150 | D:2      | Reached skill level 1 in Armour
  1150 | D:2      | Gained mutation: You have very sharp fingernails. [demonic ancestry]
  1150 | D:2      | Reached XP level 4. HP: 34/34 MP: 4/4
  1171 | D:2      | Noticed Robin
  1361 | D:2      | Killed Robin
  1645 | D:2      | Gained mutation: You regenerate a little health from kills. [demonic ancestry]
  1645 | D:2      | Reached XP level 5. HP: 39/39 MP: 5/5
  1649 | D:2      | Found an iron altar of Okawaru.
  2056 | D:3      | Noticed Ijyb
  2069 | D:3      | Killed Ijyb
  2117 | D:3      | Noticed Doobh's ghost (amateur KoHu)
  2146 | D:3      | Noticed Natasha
  2435 | D:3      | Killed Natasha
  2435 | D:3      | Reached skill level 3 in Fighting
  2462 | D:3      | Killed Doobh's ghost
  2462 | D:3      | Reached XP level 6. HP: 34/47 MP: 6/6
  2563 | D:3      | Noticed Natasha
  2570 | D:3      | Killed Natasha
  2578 | D:3      | Noticed Natasha
  2589 | D:3      | Killed Natasha
  2628 | D:3      | Found a deep blue altar of Sif Muna.
  2838 | D:3      | Found a runed door.
  2842 | D:3      | Noticed Crazy Yiuf
  2910 | D:3      | Killed Crazy Yiuf
  3343 | D:4      | Reached XP level 7. HP: 53/53 MP: 7/7
  3411 | D:4      | Reached skill level 1 in Staves
  3442 | D:4      | Found a staircase to the Ecumenical Temple.
  3443 | D:4      | Noticed Blork the orc
  3461 | D:4      | Killed Blork the orc
  3461 | D:4      | Reached skill level 4 in Fighting
  3510 | Temple   | Entered the Ecumenical Temple
  3760 | Temple   | Became a worshipper of Trog the Wrathful
  3805 | D:4      | Noticed Pikel
  3822 | D:4      | Killed Pikel
  3822 | D:4      | Reached XP level 8. HP: 31/61 MP: 8/8
  3838 | D:4      | Found Kimanuh's General Store.
  3918 | D:4      | Noticed Sigmund
  4092 | D:4      | Reached skill level 5 in Staves
  4123 | D:4      | Reached * piety under Trog
  4128 | D:4      | Killed Sigmund
  4128 | D:4      | Reached skill level 5 in Fighting
  4294 | D:4      | Noticed blackflag1's ghost (novice MiGl)
  4424 | D:4      | Reached skill level 5 in Stealth
  4579 | D:5      | Entered Level 5 of the Dungeon
  4856 | D:5      | Reached skill level 5 in Dodging
  5148 | D:5      | Found a hide-covered altar of Uskayaw.
  5149 | D:5      | Noticed a dagger
  5149 | D:5      | Noticed a hand axe
  5676 | D:6      | Reached XP level 9. HP: 62/69 MP: 9/9
  5722 | D:6      | Noticed 0gre's ghost (novice MiBe)
  5737 | D:6      | Killed 0gre's ghost
  5737 | D:6      | Reached skill level 6 in Fighting
  5743 | D:6      | HP: 4/106 [orc/hand axe (6)]
  5752 | D:6      | Reached ** piety under Trog
  6172 | D:6      | Found a shadowy altar of Dithmenos.
  6451 | D:6      | Found Xipahiul's Food Shop.
  6589 | D:7      | Found a snail-covered altar of Cheibriados.
  6593 | D:7      | Reached skill level 7 in Fighting
  6740 | D:7      | Noticed a two-headed ogre
  6750 | D:7      | Killed a two-headed ogre
  6750 | D:7      | Gained mutation: You are partially covered in icy blue scales. (AC +2) [demonic ancestry]
  6750 | D:7      | Reached XP level 10. HP: 69/80 MP: 10/10
  6847 | D:7      | Found Qoyprocashu's Antique Armour Shop.
  6853 | D:7      | Noticed a two-headed ogre
  6861 | D:7      | Killed a two-headed ogre
  6861 | D:7      | Reached skill level 8 in Fighting
  7146 | D:7      | Reached *** piety under Trog
  7374 | D:7      | Found a white marble altar of Elyvilon.
  7727 | D:8      | Reached skill level 9 in Fighting
  8155 | D:8      | Found a sparkling altar of Nemelex Xobeh.
  8461 | D:8      | Noticed a two-headed ogre
  8473 | D:8      | Killed a two-headed ogre
  9020 | D:4      | Bought a +4 ring of protection for 360 gold pieces
  9217 | D:9      | Reached skill level 10 in Stealth
  9283 | D:9      | Found a hazy altar of Hepliaklqana.
  9318 | D:9      | Found a burning altar of Makhleb.
  9392 | D:9      | Gained mutation: You are mostly covered in icy blue scales. (AC +3) [demonic ancestry]
  9392 | D:9      | Reached XP level 11. HP: 90/90 MP: 11/11
  9449 | D:9      | Reached **** piety under Trog
  9460 | D:9      | Found a flagged portal.
  9623 | Bailey   | Entered a bailey
  9827 | Bailey   | Found an iron altar of Okawaru.
  9827 | Bailey   | Noticed an orc sorcerer
  9827 | Bailey   | Noticed an orc high priest
  9838 | Bailey   | Killed an orc sorcerer
  9844 | Bailey   | Killed an orc high priest
  9844 | Bailey   | Reached skill level 10 in Fighting
 10099 | Bailey   | Noticed an orc knight
 10102 | Bailey   | an orc knight changed into an elephant
 10263 | Bailey   | Noticed an orc knight
 10284 | Bailey   | Killed an orc knight
 10598 | Bailey   | Noticed an orc knight
 10617 | Bailey   | Killed an orc knight
 10696 | Bailey   | Noticed an orc knight
 10706 | Bailey   | Killed an orc knight
 10958 | Bailey   | Reached skill level 1 in Evocations
 11051 | Bailey   | Got a faintly glowing spear
 11329 | D:9      | Identified the +2 spear of Crystal {pierce, Str+2} (You found it in a bailey)
 11473 | D:9      | Noticed a two-headed ogre
 11485 | D:9      | Killed a two-headed ogre
 11527 | D:9      | Reached ***** piety under Trog
 11796 | D:10     | Entered Level 10 of the Dungeon
 11917 | D:10     | Reached skill level 1 in Polearms
 11957 | D:10     | Noticed a wizard
 11970 | D:10     | Killed a wizard
 12013 | D:10     | Noticed an orc sorcerer
 12018 | D:10     | Noticed an orc sorcerer
 12028 | D:10     | Killed an orc sorcerer
 12028 | D:10     | Paralysed by an orc sorcerer for 2 turns
 12031 | D:10     | Noticed a soul eater
 12037 | D:10     | Killed an orc sorcerer
 12109 | D:10     | Noticed an orc sorcerer
 12110 | D:10     | Noticed a cyan ugly thing
 12132 | D:11     | Noticed a sea snake
 12132 | D:11     | a manticore changed into a sea snake
 12142 | D:11     | Killed a sea snake
 12336 | D:11     | Gained mutation: You are mostly covered in sharp spines. [demonic ancestry]
 12336 | D:11     | Reached XP level 12. HP: 99/99 MP: 12/12
 12355 | D:11     | Received a gift from Trog
 12888 | D:11     | Reached skill level 5 in Polearms
 12979 | D:10     | Noticed a two-headed ogre
 12979 | D:10     | Reached skill level 11 in Fighting
 12986 | D:10     | Killed a two-headed ogre
 12986 | D:10     | Reached skill level 5 in Throwing
 13135 | D:10     | Paralysed by an orc sorcerer for 3 turns
 13412 | D:10     | Found a staircase to the Lair.
 13727 | D:12     | Received a gift from Trog
 13775 | D:12     | Found a staircase to the Orcish Mines.
 13834 | D:12     | Got a bloodstained quarterstaff {god gift}
 14017 | D:12     | Noticed a two-headed ogre
 14024 | D:12     | Killed a two-headed ogre
 14428 | D:12     | Noticed a two-headed ogre
 14439 | D:12     | Killed a two-headed ogre
 14619 | D:12     | Identified the +7 quarterstaff of a bailey {elec, Dex+4} (Trog gifted it to you on level 12 of the Dungeon)
 14648 | D:12     | Gained mutation: You have claws for hands. [demonic ancestry]
 14648 | D:12     | Reached XP level 13. HP: 100/106 MP: 15/15
 14947 | D:13     | Received a gift from Trog
 15051 | D:13     | Got a pair of translucent boots
 15057 | D:13     | Identified the +0 pair of boots "Xocu" {Str+4 Stlth+} (You acquired it on level 13 of the Dungeon)
 15485 | D:13     | Received a gift from Trog
 15648 | D:14     | Reached skill level 12 in Fighting
 15962 | D:14     | Found an iron altar of Okawaru.
 16135 | D:14     | Reached ****** piety under Trog
 16166 | D:14     | Found a gate to the Vaults.
 16582 | D:14     | Found a blossoming altar of Fedhas.
 16620 | D:14     | Gained mutation: You are weak. (Str -2) [potion of mutation]
 16620 | D:14     | Gained mutation: Your body sometimes deteriorates upon taking damage. [potion of mutation]
 16620 | D:14     | Gained mutation: You are resistant to electric shocks. (rElec) [potion of mutation]
 16621 | D:14     | Lost mutation: Your body sometimes deteriorates upon taking damage. [potion of mutation]
 16621 | D:14     | Lost mutation: You are weak. (Str -2) [potion of mutation]
 16621 | D:14     | Gained mutation: You have large cloven feet. [potion of mutation]
 16621 | D:14     | Gained mutation: You are dopey. (Int -2) [potion of mutation]
 16621 | D:14     | Gained mutation: Your flesh is cold resistant. (rC+) [potion of mutation]
 16794 | D:15     | Entered Level 15 of the Dungeon
 16881 | D:14     | Reached skill level 5 in Armour
 17251 | Lair:1   | Entered Level 1 of the Lair of Beasts
 17381 | Lair:1   | Found a dark tunnel.
 17394 | Volcano  | Entered a volcano
 17430 | Volcano  | Reached XP level 14. HP: 111/115 MP: 17/17
 18180 | Lair:1   | Received a gift from Trog
 18535 | Lair:1   | Noticed Gastronok
 18548 | Lair:1   | Killed Gastronok
 19039 | Lair:2   | Got a polished glaive
 19040 | Lair:2   | Identified the +6 glaive of Bomechuu {flame, Dex+2} (You found it on level 2 of the Lair of Beasts)
 19118 | Lair:2   | Found a staircase to the Shoals.
 19240 | Lair:2   | Found a hole to the Spider Nest.
 19256 | Lair:2   | Reached skill level 13 in Fighting
 20200 | Lair:3   | Got a slimy robe
 20211 | Lair:3   | Identified the +2 robe of Eternal Vigilance {+Blink rCorr} (You found it on level 3 of the Lair of Beasts)
 21399 | Lair:5   | Noticed Snorg
 21405 | Lair:5   | Noticed Snorg
 21405 | Lair:5   | Snorg changed into Snorg the spriggan
 21409 | Lair:5   | Killed Snorg the spriggan
 21425 | Lair:5   | Received a gift from Trog
 21824 | Lair:5   | Reached skill level 10 in Dodging
 21827 | Lair:5   | Found a viscous altar of Jiyva.
 21827 | Lair:5   | Found a staircase to the Slime Pits.
 22318 | Lair:5   | Noticed Nessos
 22320 | Lair:5   | Killed Nessos
 22410 | Lair:6   | Entered Level 6 of the Lair of Beasts
 22433 | Lair:6   | Received a gift from Trog
 22749 | Lair:6   | Gained mutation: You are completely covered in sharp spines. [demonic ancestry]
 22749 | Lair:6   | Reached XP level 15. HP: 123/123 MP: 18/18
 23123 | Lair:6   | Received a gift from Trog
 24275 | Orc:1    | Entered Level 1 of the Orcish Mines
 24429 | Orc:1    | Found a runed door.
 24691 | Orc:1    | Found a roughly hewn altar of Beogh.
 24773 | Orc:2    | Entered Level 2 of the Orcish Mines
 24782 | Orc:2    | Received a gift from Trog
 24958 | Orc:2    | Found a roughly hewn altar of Beogh.
 24959 | Orc:2    | Found Ofuleluxea's Magic Scroll Emporium.
 24969 | Orc:2    | Received a gift from Trog
 25014 | Orc:2    | Got a faintly glowing bardiche {god gift}
 25015 | Orc:2    | Identified the +1 bardiche of Dohisk Weann {drain, rElec Str-5 Int+9 Stlth+} (Trog gifted it to you on level 2 of the Orcish Mines)
 25145 | Orc:2    | Found a staircase to the Elven Halls.
 25228 | Orc:2    | Noticed an orc warlord
 25260 | Orc:2    | Killed an orc warlord
 25322 | Orc:2    | Found Nouzext's Antique Weapon Emporium.
 25323 | Orc:2    | Found a roughly hewn altar of Beogh.
 25326 | Orc:2    | Found Abophim's Antique Armour Shoppe.
 25387 | Orc:2    | Found a roughly hewn altar of Beogh.
 25495 | Orc:2    | Found a roughly hewn altar of Beogh.
 25541 | Orc:2    | Found a roughly hewn altar of Beogh.
 25647 | Orc:2    | Found a roughly hewn altar of Beogh.
 25704 | Orc:2    | Found a roughly hewn altar of Beogh.
 25705 | Orc:2    | Found Noyhujee's Assorted Antiques.
 25767 | Orc:2    | Bought a brightly glowing large shield for 209 gold pieces
 25773 | Orc:2    | Identified the +7 large shield of Unlisaus {rN+} (You bought it in a shop on level 2 of the Orcish Mines)
 25992 | Orc:1    | Received a gift from Trog
 26775 | D:15     | Found a staircase to the Depths.
 27198 | D:15     | Reached skill level 14 in Fighting
 27559 | D:15     | Found a glowing golden altar of the Shining One.
 27924 | D:15     | Upgraded the game from 0.21.1-72-gffa868e to 0.21.2
 28128 | Orc:2    | Bought a transparent scale mail for 207 gold pieces
 28138 | Orc:2    | Identified the +0 scale mail of the Twenty Curses {SInv} (You bought it in a shop on level 2 of the Orcish Mines)
 28344 | Spider:1 | Entered Level 1 of the Spider Nest
 28516 | Spider:1 | Received a gift from Trog
 28586 | Spider:1 | Killed a ghost moth
 28746 | Spider:1 | Gained mutation: You are completely covered in icy blue scales. (AC +4, rC+) [demonic ancestry]
 28746 | Spider:1 | Reached XP level 16. HP: 88/133 MP: 19/19
 29067 | Spider:1 | Noticed Josephine
 29081 | Spider:1 | Killed Josephine
 29195 | Spider:1 | Received a gift from Trog
 29570 | Spider:2 | Reached skill level 10 in Polearms
 30133 | Spider:2 | Received a gift from Trog
 30147 | Spider:2 | Got a crystal halberd {god gift}
 30148 | Spider:2 | Identified the +11 halberd "Zasaxt" {venom, Str+4} (Trog gifted it to you on level 2 of the Spider Nest)
 30487 | Spider:3 | Noticed Bai Suzhen
 30593 | Spider:3 | Reached skill level 15 in Fighting
 30971 | Spider:3 | Killed Bai Suzhen
 31087 | Spider:3 | Noticed Agnes
 31089 | Spider:3 | HP: 6/136 [wolf spider (7)]
 31089 | Spider:3 | Slain by Agnes

Skill      XL: |  1  2  3  4  5  6  7  8  9 10 11 12 13 14 15 16 |
---------------+-------------------------------------------------+-----
Dodging        | 3 4 5 6 7 8 9 10 11 | 11.6
Stealth        | 1 2 3 4 5 8 10 11 12 13 | 13.1
Armour         | 1 2 3 5 6 8 9 |  9.5
Fighting       | 3 4 5 7 9 10 11 12 13 14 15 | 15.1
Staves         | 4 5 7 9 |  9.4
Throwing       | 2 4 5 |  5.1
Evocations     | 1 3 4 |  4.0
Polearms       | 3 5 8 9 10 | 10.4
Axes           | |  2.6
Shields        | |  0.8

Action                   |  1- 3 |  4- 6 |  7- 9 | 10-12 | 13-15 | 16-18 || total
-------------------------+-------+-------+-------+-------+-------+-------++-------
Melee: War axe           |    92 |   134 |       |       |       |       ||   226
       Unarmed           |       |     1 |       |       |       |       ||     1
       Quarterstaff      |       |    27 |   240 |   602 |   662 |   234 ||  1765
       Spear             |       |       |       |   204 |       |       ||   204
       Glaive            |       |       |       |       |   496 |       ||   496
       Great mace        |       |       |       |       |    15 |       ||    15
       Halberd           |       |       |       |       |       |    33 ||    33
Invok: Berserk           |       |       |     3 |    20 |     8 |     2 ||    33
       Burn Spellbooks   |       |       |     1 |       |       |       ||     1
       Trog's Hand       |       |       |       |     1 |     3 |     3 ||     7
Evoke: Wand              |       |       |       |    13 |     3 |       ||    16
  Use: Scroll            |       |       |       |     4 |    14 |     2 ||    20
       Potion            |       |       |       |     2 |     4 |     4 ||    10
 Stab: Sleeping          |     2 |       |     2 |     1 |    34 |     6 ||    45
       Distracted        |       |     1 |       |     1 |     3 |     1 ||     6
       Paralysed         |       |       |     2 |     5 |       |       ||     7
       Confused          |       |       |     1 |       |       |       ||     1
  Eat: Chunk             |     1 |     7 |    14 |    41 |    47 |     6 ||   116
       Ration            |       |       |       |     2 |     3 |     1 ||     6
Armor: Leather armour    |    24 |    14 |       |       |       |       ||    38
       Chain mail        |       |    75 |     6 |   246 |   753 |   283 ||  1363
       Skin              |       |     1 |       |       |       |       ||     1
       Ring mail         |       |       |    83 |       |       |       ||    83
       Plate armour      |       |       |    43 |   212 |    21 |       ||   276
       Scale mail        |       |       |       |       |    15 |       ||    15
Dodge: Dodged            |    75 |    78 |   167 |   277 |   966 |   278 ||  1841
Block: Other             |     3 |     7 |    26 |    11 |    53 |    18 ||   118
       Reflection        |       |       |     2 |       |     5 |       ||     7
